 Dungeon Sprint DCSS version 0.23-a0-169-gb21e695 (webtiles) character file.

308 Fang the Fighter (level 6, -4/67 HPs)
             Began as a Gargoyle Berserker on Sept 11, 2018.
             Was an Elder of Trog.
             Slain by a black mamba (12 damage)
             ... in the Dungeon (Sprint VII: "The Pits").
             The game lasted 00:01:21 (781 turns).

Fang the Fighter (Gargoyle Berserker)                Turns: 781, Time: 00:01:22

Health: -4/67      AC:  6    Str: 27    XL:     6   Next: 40%
Magic:  6/6        EV: 13    Int:  8    God:    Trog [****..]
Gold:   0          SH:  0    Dex:  9    Spells: 5/5 levels left

rFire    . . .     SeeInvis .   j - +2 hand axe
rCold    . . .     Gourm    .   (no shield)
rNeg     + . .     Faith    .   b - +0 animal skin
rPois    ∞         Spirit   .   (no helmet)
rElec    +         Reflect  .   (no cloak)
rCorr    .         Harm     .   (no gloves)
MR       .....     NoTele   +   (no boots)
Stlth    ..........             (no amulet)
HPRegen  0.21/turn              (no ring)
MPRegen  0.10/turn              (no ring)

@: berserking, very quick
A: negative energy resistance 1, electricity resistance, unbreathing,
petrification resistance, rot immunity, AC +4
a: Berserk, Trog's Hand, Brothers in Arms, Renounce Religion


You were in the Dungeon.
You worshipped Trog.
Trog was greatly pleased with you.
You were very hungry.

You visited 1 branch

Inventory:

Hand Weapons
 j - a +2 hand axe (weapon)
 n - a +0 hand axe of chopping
Armour
 b - a +0 animal skin (worn)
Scrolls
 i - a scroll of blinking
 k - 3 scrolls of remove curse
 l - a scroll of summoning
Potions
 a - 2 potions of invisibility
 d - 6 potions of curing
 e - 6 potions of heal wounds
 f - a potion of haste
 g - 4 potions of magic
 h - 3 potions of berserk rage
Comestibles
 c - 9 rations
 m - 4 chunks of flesh


   Skills:
 + Level 8.6 Fighting
 + Level 8.4 Axes
 + Level 4.8 Armour
 + Level 4.3 Dodging
 + Level 1.3 Stealth


You had 5 spell levels left.
You didn't know any spells.
Your spell library was empty.

Dungeon Overview and Level Annotations

Branches:
Dungeon (1/1)

Altars:
Cheibriados
Dithmenos
Elyvilon
Fedhas
Gozag
Hepliaklqana
Makhleb
Nemelex Xobeh
Okawaru
Qazlal
Ru
Sif Muna
Trog
Vehumet
Wu Jian
Xom
Yredelemnul
Zin
The Shining One
Beogh
Jiyva
Lugonu


Innate Abilities, Weirdness & Mutations

You are resistant to torment.
Your stone body is resilient. (AC +4)
You are immune to poison.
You resist negative energy. (rN+)
You are resistant to electric shocks. (rElec)
You can survive without breathing.
You are immune to petrification.
You are immune to rotting.


Message History

You are too injured to fight recklessly!
You are too injured to fight recklessly!
You are too injured to fight recklessly!
You are too injured to fight recklessly!
You are too injured to fight recklessly!
You slash the black mamba!
The black mamba is severely wounded.
The black mamba bites you but does no damage.
You barely miss the black mamba.
The black mamba is severely wounded.
The black mamba bites you!
* * * LOW HITPOINT WARNING * * *
You miss the black mamba.
The black mamba is severely wounded.
The black mamba bites you.
* * * LOW HITPOINT WARNING * * *
You closely miss the black mamba.
The black mamba is severely wounded.
The black mamba bites you!
You die...

#.#...÷....##.......#
#'###########.......#
#.......# #########
#.......# #...#...#
#..###..#+#
#...#...#.+
#.......#S#
#.......'@#
###########


You could see a black mamba.

Vanquished Creatures
  A floating eye (D)
  A hound (D)
  An iron imp (D)
  A river rat (D)
  An ooze (D)
  2 worms (D)
  A bat (D)
  4 jackals (D)
  A quokka (D)
  2 frilled lizards (D)
  A rat (D)
16 creatures vanquished.

Vanquished Creatures (collateral kills)
  A hungry ghost (D)
  An ice beast (D)
  Jessica (D)
3 creatures vanquished.

Grand Total: 19 creatures vanquished

Notes
Turn   | Place    | Note
-------+----------+-------------------------------------------
     0 | D        | Fang the Gargoyle Berserker began the quest for the Orb.
     0 | D        | Reached XP level 1. HP: 14/14 MP: 1/1
    20 | D        | Found a bloodstained altar of Trog.
    20 | D        | Found a deep blue altar of Sif Muna.
    20 | D        | Found a viscous altar of Jiyva.
    20 | D        | Found a hazy altar of Hepliaklqana.
    20 | D        | Found an opulent altar of Gozag.
    21 | D        | Found a glowing golden altar of the Shining One.
    21 | D        | Found a glowing silver altar of Zin.
    21 | D        | Found a basalt altar of Yredelemnul.
    21 | D        | Found a shimmering altar of Xom.
    21 | D        | Found an ornate altar of the Wu Jian Council.
    21 | D        | Found a sacrificial altar of Ru.
    21 | D        | Found a stormy altar of Qazlal.
    21 | D        | Found an iron altar of Okawaru.
    21 | D        | Found a sparkling altar of Nemelex Xobeh.
    21 | D        | Found a burning altar of Makhleb.
    21 | D        | Found a blossoming altar of Fedhas.
    21 | D        | Found a white marble altar of Elyvilon.
    21 | D        | Found a shadowy altar of Dithmenos.
    21 | D        | Found a snail-covered altar of Cheibriados.
    23 | D        | Found a radiant altar of Vehumet.
    23 | D        | Found a corrupted altar of Lugonu.
    23 | D        | Found a roughly hewn altar of Beogh.
    71 | D        | Reached ** piety under Trog
    71 | D        | Reached XP level 2. HP: 6/20 MP: 2/2
   317 | D        | Reached *** piety under Trog
   482 | D        | Noticed a floating eye
   483 | D        | Paralysed by a floating eye for 3 turns
   487 | D        | Killed a floating eye
   487 | D        | Reached XP level 3. HP: 27/28 MP: 3/3
   487 | D        | Reached XP level 4. HP: 31/32 MP: 4/4
   489 | D        | Reached **** piety under Trog
   489 | D        | Reached XP level 5. HP: 36/37 MP: 5/5
   614 | D        | Noticed a hungry ghost
   614 | D        | Noticed Jessica
   614 | D        | Noticed an ice beast
   630 | D        | Killed a hungry ghost
   631 | D        | Killed an ice beast
   631 | D        | Reached skill level 1 in Stealth
   631 | D        | Reached XP level 6. HP: 42/44 MP: 6/6
   632 | D        | Killed Jessica
   645 | D        | Received a gift from Trog
   773 | D        | Noticed a black mamba
   781 | D        | Slain by a black mamba

Vault maps used:
D:        pitsprint

Skill      XL: |  1  2  3  4  5  6 |
---------------+-------------------+-----
Axes           | 3 6 7 8 |  8.4
Fighting       | 4 6 8 |  8.6
Dodging        | 3 4 |  4.3
Armour         | 3 4 |  4.8
Stealth        | 1 |  1.3

Action                   |  1- 3 |  4- 6 || total
-------------------------+-------+-------++-------
Melee: Hand axe          |    28 |    36 ||    64
Invok: Berserk           |     1 |     1 ||     2
       Brothers in Arms  |       |     1 ||     1
  Eat: Chunk             |       |     2 ||     2
Armor: Animal skin       |    12 |     6 ||    18
Dodge: Dodged            |    20 |    17 ||    37

Table legend:
 A = Non-vault XP
 B = Vault XP
 C = Vault XP percentage of total XP
 D = Non-vault monster count
 E = Vault monster count
 F = Vault count percentage of total count
                 A         B        C        D         E       F
            +---------+---------+-------+---------+---------+-------
      Total |       0 |     440 | 100.0 |       0 |      19 | 100.0
            +---------+---------+-------+---------+---------+-------
          D |       0 |     440 | 100.0 |       0 |      19 | 100.0
            +---------+---------+-------+---------+---------+-------
